Barracuda vs Wranglers
Created - December 2, 2025 at 19:01
Goals
|
| Barracuda |
0 |
4 |
3 |
7 |
| Wranglers |
1 |
1 |
1 |
3 |
|
Shots
|
| Barracuda |
9 |
19 |
10 |
38 |
| Wranglers |
5 |
15 |
6 |
26 |
|
1st period
1. Wranglers , Jesper Bratt 7 (Erik Brannstrom 11, Nico Sturm 13) at 6:02
Penalties :
Luke Martin (S.J) for Interference (Minor) at 0:22
2nd period
2. Barracuda , Trent Frederic 7 (Alexei Toropchenko 7) at 2:13
3. Barracuda , Alexei Toropchenko 5 (Trent Frederic 8, Jordan Gross 4) at 5:15
4. Barracuda , Trent Frederic 8 (Beck Malenstyn 3) at 6:40
5. Barracuda , Adam Beckman 4 (Theodor Blueger 4, Bode Wilde 3) at 10:02
6. Wranglers , Barclay Goodrow 12 (Marco Rossi 4, Vitali Kravtsov 3) at 12:48
Penalties :
Nikolai Kovalenko (S.J) for Cross-checking (Minor) at 12:51, Erik Brannstrom (Cal) for Tripping (Minor) at 18:30
3rd period
7. Barracuda , Beck Malenstyn 8 (Luke Martin 6, Robin Norell 11) at 1:04
8. Wranglers , Tanner Jeannot 3 (Erik Brannstrom 12, Barclay Goodrow 10) at 3:58 (PP)
9. Barracuda , Luke Martin 1 (Beck Malenstyn 4, Emil Pettersson 24) at 9:22 (PP)
10. Barracuda , Jordan Gross 2 (Kyle Platzer 3, Alex Lintuniemi 11) at 10:38
Penalties :
Tanner Jeannot (Cal) for Holding (Minor) at 1:48, Angus Crookshank (S.J) for Tripping (Minor) at 2:59, Trevor Carrick (Cal) for Tripping (Minor) at 9:07, Jordan Gross (S.J) for Interference (Minor) at 11:12
Goalie Stats
Kevin Mandolese (S.J), 23 saves from 26 shots - (0.885), W, 4-6-0, 60:00 minutes
Vitek Vanecek (Cal), 31 saves from 38 shots - (0.816), L, 3-8-0, 60:00 minutes
Players Stats for Barracuda
Player Name G A P +/- PIM S H SB GA TA FO MP PP MP PK MP
------------------------------------------------------------------------------------
0 0 0 0 0 0 0 0 0 0 0/0 0:00 0:00 0:00
0 0 0 0 0 0 0 0 0 0 0/0 0:00 0:00 0:00
0 0 0 0 0 0 0 0 0 0 0/0 0:00 0:00 0:00
0 0 0 0 0 0 0 0 0 0 0/0 0:00 0:00 0:00
0 0 0 0 0 0 0 0 0 0 0/0 0:00 0:00 0:00
0 0 0 0 0 0 0 0 0 0 0/0 0:00 0:00 0:00
0 0 0 0 0 0 0 0 0 0 0/0 0:00 0:00 0:00
Adam Beckman 1 0 1 1 0 2 0 1 0 0 0/0 10:09 0:00 0:00
Adam Raska 0 0 0 1 0 0 3 0 0 0 0/0 7:24 0:00 0:00
Alex Jefferies 0 0 0 1 0 0 0 1 0 1 0/0 8:25 0:00 1:00
Alex Lintuniemi 0 1 1 1 0 3 2 0 3 0 0/0 22:03 1:24 3:11
Alexei Toropchenko 1 1 2 2 0 3 2 1 2 0 0/2 16:55 1:09 0:00
Angus Crookshank 0 0 0 2 2 1 3 0 0 1 0/0 18:59 1:08 1:51
Beck Malenstyn 1 2 3 0 0 5 1 0 0 0 0/1 22:08 2:16 3:03
Bode Wilde 0 1 1 3 0 1 3 0 0 3 0/0 12:43 0:00 0:22
Dennis Cholowski 0 0 0 3 0 1 1 0 0 0 0/0 13:09 0:00 1:16
Emil Pettersson 0 1 1 0 0 1 2 0 1 0 20/36 21:52 2:16 3:09
Jordan Gross 1 1 2 1 2 2 2 1 0 0 0/0 20:28 1:24 1:55
Kyle Platzer 0 1 1 1 0 3 0 0 0 0 1/1 8:07 0:00 0:21
Luke Martin 1 1 2 0 2 4 3 0 0 0 0/0 25:16 2:01 2:10
Nikolai Kovalenko 0 0 0 0 2 2 3 0 1 1 1/3 19:07 2:16 0:50
Robin Norell 0 1 1 0 0 3 4 3 2 2 0/0 26:42 2:01 3:22
Theodor Blueger 0 1 1 1 0 0 1 0 2 0 2/3 10:09 0:00 0:00
Trent Frederic 2 1 3 2 0 6 0 0 0 1 5/9 19:15 1:09 2:02
Yegor Sokolov 0 0 0 1 0 1 0 0 0 0 1/1 10:09 0:00 0:00
Players Stats for Wranglers
Player Name G A P +/- PIM S H SB GA TA FO MP PP MP PK MP
------------------------------------------------------------------------------------
Barclay Goodrow 1 1 2 -2 0 3 0 3 1 2 7/10 28:07 3:11 2:23
Chase Bradley 0 0 0 0 0 0 0 0 0 0 0/0 0:38 0:12 0:19
Christian Jaros 0 0 0 -1 0 0 1 1 0 2 0/0 17:08 2:11 0:47
Darren Raddysh 0 0 0 -1 0 0 0 4 0 0 0/0 10:29 0:00 0:00
Dominik Masin 0 0 0 -1 0 2 3 1 1 1 0/0 26:44 3:57 2:38
Erik Brannstrom 0 2 2 -1 2 0 0 5 2 1 0/0 25:03 3:57 0:58
Ivan Chekhovich 0 0 0 -1 0 0 0 1 0 1 3/11 11:19 1:24 0:00
Jesper Bratt 1 0 1 -1 0 7 1 0 1 0 1/2 19:36 3:00 0:43
Kaapo Kakko 0 0 0 -1 0 1 0 0 0 0 0/0 12:56 0:12 0:00
Marco Rossi 0 1 1 0 0 0 0 0 0 0 0/2 6:18 0:00 0:02
Nico Sturm 0 1 1 -2 0 3 4 0 1 1 11/21 22:50 3:11 2:23
Petteri Lindbohm 0 0 0 -1 0 0 0 0 0 0 0/0 10:29 0:00 0:00
Phillip Danault 0 0 0 -1 0 0 3 1 1 0 0/0 17:39 2:45 0:43
Radim Zohorna 0 0 0 0 0 0 0 0 0 0 0/0 0:58 0:40 0:00
Ryan Donato 0 0 0 0 0 0 0 0 0 0 2/6 5:57 0:53 0:00
Skyler Brind'Amour 0 0 0 0 0 0 0 0 0 0 0/0 0:17 0:00 0:17
Tanner Jeannot 1 0 1 -1 2 4 3 3 0 1 0/0 12:47 0:11 0:00
Taylor Raddysh 0 0 0 -1 0 5 1 0 1 1 0/0 16:56 2:45 0:00
Trevor Carrick 0 0 0 -1 2 1 0 1 1 1 0/0 17:07 2:11 0:47
Vitali Kravtsov 0 1 1 0 0 0 1 0 0 0 0/0 6:16 0:00 0:00
Vladislav Kamenev 0 0 0 -1 0 0 0 0 0 0 2/4 12:37 0:00 0:00
William Villeneuve 0 0 0 -1 0 0 0 0 0 0 0/0 2:15 0:00 1:40
Yan Kuznetsov 0 0 0 0 0 0 0 0 0 0 0/0 0:00 0:00 0:00
Yegor Zaitsev 0 0 0 -1 0 0 0 0 0 0 0/0 5:39 0:00 0:00
Zac Jones 0 0 0 -1 0 0 0 0 0 0 0/0 5:39 0:00 0:00
3 Stars
1 - Trent Frederic (S.J)
2 - Alexei Toropchenko (S.J)
3 - Beck Malenstyn (S.J)
Power Play
Barracuda - 1 on 3 Attempt(s) - 33.33%
Wranglers - 1 on 4 Attempt(s) - 25.00%
Penalty Kill
Barracuda - 3 on 4 Attempt(s) - 75.00%
- Score 0 goal in Penalty Kill
Wranglers - 2 on 3 Attempt(s) - 66.67%
- Score 0 goal in Penalty Kill
Team Stat
Barracuda - Hits : 30 - Faceoff Wins : 30 - Blocked Shots : 7 - Penalty Minutes : 8
Wranglers - Hits : 17 - Faceoff Wins : 26 - Blocked Shots : 20 - Penalty Minutes : 6
Official
Referees : Corey Syvret and TJ Luxmore
Linesman : Julien Fournier and Jonny Murray
Game Notes
Ryan Donato is injured at 0:24 of 2nd period (Sports Hernia)
Ivan Chekhovich is injured at 18:43 of 3rd period (Back)
Finance
Level 1 -- Attendance: 1813 (90.65%) -- Ticket Income $126,910
Level 2 -- Attendance: 998 (99.80%) -- Ticket Income $39,920
Total Attendance: 2811 (93.70%)
Total Ticket Income: $166,830
Other Income: $8,342
Total Income: $175,172
Barracuda
5 vs 5 Forward
Center Left Wing Right Wing Time % Phy DF OF
1 Emil Pettersson Beck Malenstyn Nikolai Kovalenko 40 1 2 2
2 Trent Frederic Angus Crookshank Alexei Toropchenko 30 1 2 2
3 Theodor Blueger Adam Beckman Yegor Sokolov 20 1 2 2
4 Kyle Platzer Alex Jefferies Adam Raska 10 1 2 2
5 vs 5 Defense
Defense Defense Time % Phy DF OF
1 Robin Norell Luke Martin 40 1 2 2
2 Jordan Gross Alex Lintuniemi 30 1 2 2
3 Dennis Cholowski Bode Wilde 20 1 2 2
4 Robin Norell Luke Martin 10 1 2 2
PowerPlay Forward
Center Left Wing Right Wing Time % Phy DF OF
1 Emil Pettersson Beck Malenstyn Nikolai Kovalenko 60 1 2 2
2 Trent Frederic Angus Crookshank Alexei Toropchenko 40 1 2 2
PowerPlay Defense
Defense Defense Time % Phy DF OF
1 Robin Norell Luke Martin 60 1 2 2
2 Jordan Gross Alex Lintuniemi 40 1 2 2
Penalty Kill 4 Players Forward
Center Wing Time % Phy DF OF
1 Emil Pettersson Beck Malenstyn 60 1 2 2
2 Trent Frederic Angus Crookshank 40 1 2 2
Penalty Kill 4 Players Defense
Defense Defense Time % Phy DF OF
1 Robin Norell Luke Martin 60 1 2 2
2 Jordan Gross Alex Lintuniemi 40 1 2 2
Penalty Kill - 3 Players Forward
Forward Time % Phy DF OF
1 Emil Pettersson 60 1 2 2
2 Trent Frederic 40 1 2 2
Penalty Kill - 3 Players Defense
Defense Defense Time % Phy DF OF
1 Robin Norell Luke Martin 60 1 2 2
2 Jordan Gross Alex Lintuniemi 40 1 2 2
4 vs 4 Forward
Center Wing Time % Phy DF OF
1 Emil Pettersson Beck Malenstyn 60 1 2 2
2 Trent Frederic Angus Crookshank 40 1 2 2
4 vs 4 Defense
Defense Defense Time % Phy DF OF
1 Robin Norell Luke Martin 60 1 2 2
2 Jordan Gross Alex Lintuniemi 40 1 2 2
Last Minutes Offensive
Center Left Wing Right Wing Defense Defense
Emil Pettersson Beck Malenstyn Nikolai Kovalenko Robin Norell Luke Martin
Last Minutes Defensive
Center Left Wing Right Wing Defense Defense
Emil Pettersson Beck Malenstyn Nikolai Kovalenko Robin Norell Luke Martin
Goaltenders
Starting : Kevin Mandolese
Backup : Filip Larsson
Extra Forwards
Normal : Nikolai Kovalenko, Alexei Toropchenko, Beck Malenstyn - PP : Nikolai Kovalenko, Alexei Toropchenko - PK : Nikolai Kovalenko
Extra Defensemen
Normal : Alex Lintuniemi, Dennis Cholowski, Bode Wilde - PP : Alex Lintuniemi - PK : Alex Lintuniemi, Dennis Cholowski
Penalty Shots
Emil Pettersson, Trent Frederic, Theodor Blueger, Kyle Platzer, Nikolai Kovalenko
Custom OT Lines Forwards
Emil Pettersson, Trent Frederic, Theodor Blueger, Kyle Platzer, Nikolai Kovalenko, Alexei Toropchenko, Beck Malenstyn, Angus Crookshank, Adam Beckman, Yegor Sokolov
Custom OT Lines Defensemen
Robin Norell, Luke Martin, Jordan Gross, Alex Lintuniemi, Dennis Cholowski
Scratches
Jacob Peterson (Healthy), Sam Colangelo (Severed Right Wrist Tendon Injury), Jackson Kunz (Healthy), Mason Langenbrunner (Healthy), Antonio Stranges (Healthy)
Bogdan Trineyev (Healthy), Ryder Rolston (Healthy), Ryan Merkley (Healthy), Adam Edstrom (Healthy), Henrik Tikkanen (Healthy)
Aidan Campbell (Healthy)
Wranglers
5 vs 5 Forward
Center Left Wing Right Wing Time % Phy DF OF
1 Nico Sturm Jesper Bratt Barclay Goodrow 40 1 2 2
2 Ryan Donato Phillip Danault Taylor Raddysh 30 1 2 2
3 Vladislav Kamenev Tanner Jeannot Kaapo Kakko 20 1 2 2
4 Marco Rossi Vitali Kravtsov Barclay Goodrow 10 1 2 2
5 vs 5 Defense
Defense Defense Time % Phy DF OF
1 Erik Brannstrom Dominik Masin 40 1 2 2
2 Christian Jaros Trevor Carrick 30 1 2 2
3 Petteri Lindbohm Darren Raddysh 20 1 2 2
4 Zac Jones Yegor Zaitsev 10 1 2 2
PowerPlay Forward
Center Left Wing Right Wing Time % Phy DF OF
1 Nico Sturm Jesper Bratt Barclay Goodrow 60 1 2 2
2 Ryan Donato Phillip Danault Taylor Raddysh 40 1 2 2
PowerPlay Defense
Defense Defense Time % Phy DF OF
1 Erik Brannstrom Dominik Masin 60 1 2 2
2 Christian Jaros Trevor Carrick 40 1 2 2
Penalty Kill 4 Players Forward
Center Wing Time % Phy DF OF
1 Barclay Goodrow Nico Sturm 60 1 2 2
2 Jesper Bratt Phillip Danault 40 1 2 2
Penalty Kill 4 Players Defense
Defense Defense Time % Phy DF OF
1 Erik Brannstrom Dominik Masin 60 1 2 2
2 Christian Jaros Trevor Carrick 40 1 2 2
Penalty Kill - 3 Players Forward
Forward Time % Phy DF OF
1 Barclay Goodrow 60 1 2 2
2 Nico Sturm 40 1 2 2
Penalty Kill - 3 Players Defense
Defense Defense Time % Phy DF OF
1 Erik Brannstrom Dominik Masin 60 1 2 2
2 Christian Jaros Trevor Carrick 40 1 2 2
4 vs 4 Forward
Center Wing Time % Phy DF OF
1 Barclay Goodrow Nico Sturm 60 1 2 2
2 Jesper Bratt Phillip Danault 40 1 2 2
4 vs 4 Defense
Defense Defense Time % Phy DF OF
1 Erik Brannstrom Dominik Masin 60 1 2 2
2 Christian Jaros Trevor Carrick 40 1 2 2
Last Minutes Offensive
Center Left Wing Right Wing Defense Defense
Nico Sturm Jesper Bratt Barclay Goodrow Erik Brannstrom Dominik Masin
Last Minutes Defensive
Center Left Wing Right Wing Defense Defense
Nico Sturm Jesper Bratt Barclay Goodrow Erik Brannstrom Dominik Masin
Goaltenders
Starting : Vitek Vanecek
Backup : Collin Delia
Extra Forwards
Normal : Ivan Chekhovich, Radim Zohorna, Skyler Brind'Amour - PP : Ivan Chekhovich, Radim Zohorna - PK : Skyler Brind'Amour
Extra Defensemen
Normal : Yan Kuznetsov, William Villeneuve, Petteri Lindbohm - PP : Yan Kuznetsov - PK : William Villeneuve, Petteri Lindbohm
Penalty Shots
Barclay Goodrow, Nico Sturm, Jesper Bratt, Phillip Danault, Tanner Jeannot
Custom OT Lines Forwards
Barclay Goodrow, Nico Sturm, Jesper Bratt, Phillip Danault, Tanner Jeannot, Taylor Raddysh, Ryan Donato, Vitali Kravtsov, Vladislav Kamenev, Marco Rossi
Custom OT Lines Defensemen
Erik Brannstrom, Dominik Masin, Christian Jaros, Trevor Carrick, Petteri Lindbohm
Scratches
Brandon Hickey (Bruised Right Shoulder Injury), Lucas Feuk (Healthy), Cole Schwindt (Healthy), Nico Daws (Healthy), Joel Hofer (Healthy)
% Time on Ice - Barracuda
Lines # - Real PCT - Wanted PCT - Time Play
Normal Forward
1 - 32% - 40% - 16:06
2 - 32% - 30% - 16:00
3 - 20% - 20% - 10:09
4 - 15% - 10% - 7:24
Normal Defense
1 - 38% - 40% - 18:40
2 - 35% - 30% - 17:08
3 - 24% - 20% - 11:53
4 - 4% - 10% - 1:58
PP Forward
1 - 66% - 60% - 2:16
2 - 34% - 40% - 1:09
PP Defense
1 - 59% - 60% - 2:01
2 - 41% - 40% - 1:24
PK Forward
1 - 67% - 60% - 4:06
2 - 33% - 40% - 2:02
PK Defense
1 - 59% - 60% - 3:36
2 - 41% - 40% - 2:32
PK3 Forward
1 - 0% - 60%
2 - 0% - 40%
PK3 Defense
1 - 0% - 60%
2 - 0% - 40%
44 Forward
1 - 92% - 60% - 0:44
2 - 8% - 40% - 0:04
44 Defense
1 - 58% - 60% - 0:28
2 - 42% - 40% - 0:20
Last Minute Offensive - 0:00
Last Minute Defensive - 0:00
Total
Forward - 60:00
Defense - 60:00
|
% Time on Ice - Wranglers
Lines # - Real PCT - Wanted PCT - Time Play
Normal Forward
1 - 33% - 40% - 16:28
2 - 29% - 30% - 14:18
3 - 25% - 20% - 12:37
4 - 13% - 10% - 6:16
Normal Defense
1 - 39% - 40% - 19:21
2 - 29% - 30% - 14:10
3 - 21% - 20% - 10:29
4 - 11% - 10% - 5:39
PP Forward
1 - 52% - 60% - 3:11
2 - 48% - 40% - 2:57
PP Defense
1 - 64% - 60% - 3:57
2 - 36% - 40% - 2:11
PK Forward
1 - 79% - 60% - 2:42
2 - 21% - 40% - 0:43
PK Defense
1 - 77% - 60% - 2:38
2 - 23% - 40% - 0:47
PK3 Forward
1 - 0% - 60%
2 - 0% - 40%
PK3 Defense
1 - 0% - 60%
2 - 0% - 40%
44 Forward
1 - 100% - 60% - 0:48
2 - 0% - 40% - 0:00
44 Defense
1 - 100% - 60% - 0:48
2 - 0% - 40% - 0:00
Last Minute Offensive - 0:00
Last Minute Defensive - 0:00
Total
Forward - 60:00
Defense - 60:00
|
Play-by-Play
1st period
0:01 of 1st period - Nico Sturm wins face-off versus Emil Pettersson in neutral zone.
0:04 of 1st period - Snap shot by Jesper Bratt.
0:04 of 1st period - Stopped by Kevin Mandolese with a rebound.
0:22 of 1st period - Minor Penalty to Luke Martin for Interference.
0:23 of 1st period - Emil Pettersson wins face-off versus Nico Sturm in Barracuda zone.
0:28 of 1st period - Snap shot by Emil Pettersson.
0:28 of 1st period - Stopped by Vitek Vanecek without a rebound.
0:29 of 1st period - Emil Pettersson wins face-off versus Nico Sturm in Wranglers zone.
0:34 of 1st period - Snap shot by Beck Malenstyn.
0:34 of 1st period - Stopped by Vitek Vanecek with a rebound.
1:30 of 1st period - Beck Malenstyn is hit by Phillip Danault and loses puck.
2:14 of 1st period - Icing by Dominik Masin.
2:15 of 1st period - Ryan Donato wins face-off versus Nikolai Kovalenko in Wranglers zone.
2:22 of 1st period - Penalty to Luke Martin is over, Luke Martin is back on ice.
3:28 of 1st period - Emil Pettersson is hit by Tanner Jeannot and loses puck.
3:49 of 1st period - Darren Raddysh is hit by Alexei Toropchenko and loses puck.
4:47 of 1st period - Dominik Masin is hit by Nikolai Kovalenko and loses puck.
4:58 of 1st period - Vladislav Kamenev is hit by Emil Pettersson and loses puck.
5:19 of 1st period - Snap shot by Angus Crookshank.
5:19 of 1st period - Deflect By Trent Frederic.
5:19 of 1st period - Shot Blocked by Tanner Jeannot.
5:19 of 1st period - Puck is out of play.
5:20 of 1st period - Theodor Blueger wins face-off versus Nico Sturm in Wranglers zone.
5:23 of 1st period - Snap shot by Adam Beckman.
5:23 of 1st period - Shot Blocked by Trevor Carrick.
5:35 of 1st period - Snap shot by Jesper Bratt.
5:35 of 1st period - Deflect By Barclay Goodrow.
5:35 of 1st period - Shot Hit the Post.
5:35 of 1st period - Puck is out of play.
5:36 of 1st period - Emil Pettersson wins face-off versus Ryan Donato in Barracuda zone.
5:46 of 1st period - Icing by Emil Pettersson.
5:47 of 1st period - Emil Pettersson wins face-off versus Nico Sturm in Barracuda zone.
6:02 of 1st period - Slapshot by Jesper Bratt.
6:02 of 1st period - Goal by Jesper Bratt - Barracuda : 0 - Wranglers : 1.
6:03 of 1st period - Nico Sturm wins face-off versus Trent Frederic in neutral zone.
8:32 of 1st period - Slapshot by Dennis Cholowski.
8:32 of 1st period - Deflect By Taylor Raddysh.
8:32 of 1st period - Stopped by Vitek Vanecek with a rebound.
9:12 of 1st period - Tanner Jeannot is hit by Nikolai Kovalenko and loses puck.
9:41 of 1st period - Phillip Danault is hit by Adam Raska and loses puck.
9:59 of 1st period - Adam Raska is hit by Taylor Raddysh and loses puck.
10:04 of 1st period - Snap shot by Taylor Raddysh.
10:04 of 1st period - Shot Hit the Post.
10:10 of 1st period - Phillip Danault is hit by Robin Norell and loses puck.
10:15 of 1st period - Wrist shot by Kyle Platzer.
10:15 of 1st period - Stopped by Vitek Vanecek with a rebound.
10:17 of 1st period - Slapshot by Jordan Gross.
10:17 of 1st period - Stopped by Vitek Vanecek without a rebound.
10:18 of 1st period - Nico Sturm wins face-off versus Nikolai Kovalenko in Wranglers zone.
10:40 of 1st period - Icing by Dennis Cholowski.
10:41 of 1st period - Trent Frederic wins face-off versus Vladislav Kamenev in Barracuda zone.
10:54 of 1st period - Snap shot by Tanner Jeannot.
10:54 of 1st period - Shot Misses the Net.
11:14 of 1st period - Christian Jaros is hit by Dennis Cholowski and loses puck.
12:01 of 1st period - Darren Raddysh is hit by Adam Raska and loses puck.
12:16 of 1st period - Wrist shot by Trent Frederic.
12:16 of 1st period - Stopped by Vitek Vanecek without a rebound.
12:17 of 1st period - Nico Sturm wins face-off versus Trent Frederic in Wranglers zone.
12:22 of 1st period - Snap shot by Nico Sturm.
12:22 of 1st period - Shot Misses the Net.
12:24 of 1st period - Wrist shot by Nico Sturm.
12:24 of 1st period - Stopped by Kevin Mandolese with a rebound.
12:30 of 1st period - Wrist shot by Nico Sturm.
12:30 of 1st period - Stopped by Kevin Mandolese with a rebound.
12:32 of 1st period - Wrist shot by Dominik Masin.
12:32 of 1st period - Shot Misses the Net.
12:52 of 1st period - Snap shot by Alexei Toropchenko.
12:52 of 1st period - Stopped by Vitek Vanecek without a rebound.
12:53 of 1st period - Emil Pettersson wins face-off versus Ryan Donato in Wranglers zone.
12:56 of 1st period - Snap shot by Emil Pettersson.
12:56 of 1st period - Shot Misses the Net.
13:00 of 1st period - Slapshot by Robin Norell.
13:00 of 1st period - Shot Blocked by Erik Brannstrom.
13:02 of 1st period - Slapshot by Robin Norell.
13:02 of 1st period - Shot Blocked by Erik Brannstrom.
13:37 of 1st period - Snap shot by Kyle Platzer.
13:37 of 1st period - Shot Misses the Net.
13:39 of 1st period - Snap shot by Alex Jefferies.
13:39 of 1st period - Shot Misses the Net.
14:25 of 1st period - Snap shot by Barclay Goodrow.
14:25 of 1st period - Stopped by Kevin Mandolese with a rebound.
14:31 of 1st period - Barclay Goodrow is hit by Emil Pettersson and loses puck.
15:17 of 1st period - Wrist shot by Emil Pettersson.
15:17 of 1st period - Shot Blocked by Barclay Goodrow.
15:19 of 1st period - Slapshot by Luke Martin.
15:19 of 1st period - Deflect By Beck Malenstyn.
15:19 of 1st period - Stopped by Vitek Vanecek without a rebound.
15:20 of 1st period - Trent Frederic wins face-off versus Ryan Donato in Wranglers zone.
15:21 of 1st period - Slapshot by Alexei Toropchenko.
15:21 of 1st period - Shot Blocked by Darren Raddysh.
16:27 of 1st period - Wrist shot by Yegor Sokolov.
16:27 of 1st period - Stopped by Vitek Vanecek without a rebound.
16:28 of 1st period - Theodor Blueger wins face-off versus Ryan Donato in Wranglers zone.
16:35 of 1st period - Erik Brannstrom is hit by Bode Wilde and loses puck.
17:14 of 1st period - Snap shot by Angus Crookshank.
17:14 of 1st period - Shot Misses the Net.
17:45 of 1st period - Icing by Kyle Platzer.
17:46 of 1st period - Kyle Platzer wins face-off versus Marco Rossi in Barracuda zone.
17:51 of 1st period - Darren Raddysh is hit by Bode Wilde and loses puck.
18:18 of 1st period - Backhand shot by Phillip Danault.
18:18 of 1st period - Shot Misses the Net.
18:20 of 1st period - Slapshot by Ryan Donato.
18:20 of 1st period - Shot Misses the Net.
18:36 of 1st period - Snap shot by Adam Beckman.
18:36 of 1st period - Shot Misses the Net.
18:44 of 1st period - Bode Wilde is hit by Tanner Jeannot and loses puck.
Goals for this period are 0 for Barracuda vs 1 for Wranglers.
Shots for this period are 9 for Barracuda vs 5 for Wranglers.
2nd period
0:01 of 2nd period - Barclay Goodrow wins face-off versus Beck Malenstyn in neutral zone.
0:04 of 2nd period - Robin Norell is hit by Jesper Bratt and loses puck.
0:22 of 2nd period - Icing by Dominik Masin.
0:23 of 2nd period - Ryan Donato wins face-off versus Trent Frederic in Wranglers zone.
0:23 of 2nd period - Ryan Donato is hit by Angus Crookshank.
0:24 of 2nd period - Ryan Donato from Wranglers is injured at 0:24 of 2nd period (Sports Hernia).
0:25 of 2nd period - Emil Pettersson wins face-off versus Nico Sturm in Wranglers zone.
0:44 of 2nd period - Emil Pettersson is hit by Dominik Masin and loses puck.
1:36 of 2nd period - Christian Jaros is hit by Jordan Gross and loses puck.
1:53 of 2nd period - Snap shot by Jordan Gross.
1:53 of 2nd period - Shot Blocked by Darren Raddysh.
1:55 of 2nd period - Snap shot by Beck Malenstyn.
1:55 of 2nd period - Shot Blocked by Phillip Danault.
1:57 of 2nd period - Slapshot by Alex Lintuniemi.
1:57 of 2nd period - Stopped by Vitek Vanecek with a rebound.
1:59 of 2nd period - Slapshot by Emil Pettersson.
1:59 of 2nd period - Shot Misses the Net.
2:01 of 2nd period - Wrist shot by Nikolai Kovalenko.
2:01 of 2nd period - Shot Misses the Net.
2:11 of 2nd period - Snap shot by Trent Frederic.
2:11 of 2nd period - Shot Blocked by Darren Raddysh.
2:13 of 2nd period - Snap shot by Trent Frederic.
2:13 of 2nd period - Goal by Trent Frederic - Barracuda : 1 - Wranglers : 1.
2:14 of 2nd period - Nico Sturm wins face-off versus Emil Pettersson in neutral zone.
2:23 of 2nd period - Wrist shot by Jesper Bratt.
2:23 of 2nd period - Stopped by Kevin Mandolese with a rebound.
2:25 of 2nd period - Wrist shot by Christian Jaros.
2:25 of 2nd period - Shot Misses the Net.
2:27 of 2nd period - Snap shot by Barclay Goodrow.
2:27 of 2nd period - Shot Misses the Net.
2:29 of 2nd period - Slapshot by Christian Jaros.
2:29 of 2nd period - Shot Blocked by Robin Norell.
2:31 of 2nd period - Wrist shot by Barclay Goodrow.
2:31 of 2nd period - Shot Blocked by Robin Norell.
2:46 of 2nd period - Luke Martin is hit by Phillip Danault and loses puck.
3:10 of 2nd period - Snap shot by Alex Lintuniemi.
3:10 of 2nd period - Shot Blocked by Tanner Jeannot.
3:12 of 2nd period - Slapshot by Jordan Gross.
3:12 of 2nd period - Shot Blocked by Erik Brannstrom.
3:14 of 2nd period - Slapshot by Jordan Gross.
3:14 of 2nd period - Shot Blocked by Erik Brannstrom.
3:49 of 2nd period - Off-side.
3:50 of 2nd period - Emil Pettersson wins face-off versus Marco Rossi in neutral zone.
3:57 of 2nd period - Slapshot by Emil Pettersson.
3:57 of 2nd period - Shot Misses the Net.
3:59 of 2nd period - Wrist shot by Beck Malenstyn.
3:59 of 2nd period - Stopped by Vitek Vanecek with a rebound.
4:01 of 2nd period - Slapshot by Robin Norell.
4:01 of 2nd period - Stopped by Vitek Vanecek with a rebound.
4:03 of 2nd period - Snap shot by Luke Martin.
4:03 of 2nd period - Shot Misses the Net.
4:05 of 2nd period - Wrist shot by Luke Martin.
4:05 of 2nd period - Stopped by Vitek Vanecek without a rebound.
4:06 of 2nd period - Trent Frederic wins face-off versus Ivan Chekhovich in Wranglers zone.
4:07 of 2nd period - Wrist shot by Luke Martin.
4:07 of 2nd period - Stopped by Vitek Vanecek with a rebound.
4:18 of 2nd period - Slapshot by Taylor Raddysh.
4:18 of 2nd period - Stopped by Kevin Mandolese with a rebound.
4:20 of 2nd period - Snap shot by Taylor Raddysh.
4:20 of 2nd period - Stopped by Kevin Mandolese with a rebound.
4:22 of 2nd period - Slapshot by Trevor Carrick.
4:22 of 2nd period - Stopped by Kevin Mandolese without a rebound.
4:23 of 2nd period - Barclay Goodrow wins face-off versus Emil Pettersson in Barracuda zone.
4:31 of 2nd period - Icing by Robin Norell.
4:32 of 2nd period - Jesper Bratt wins face-off versus Emil Pettersson in Barracuda zone.
5:01 of 2nd period - Wrist shot by Jesper Bratt.
5:01 of 2nd period - Stopped by Kevin Mandolese without a rebound.
5:02 of 2nd period - Trent Frederic wins face-off versus Ivan Chekhovich in Barracuda zone.
5:15 of 2nd period - Snap shot by Trent Frederic.
5:15 of 2nd period - Deflect By Alexei Toropchenko.
5:15 of 2nd period - Goal by Alexei Toropchenko - Barracuda : 2 - Wranglers : 1.
5:16 of 2nd period - Emil Pettersson wins face-off versus Nico Sturm in neutral zone.
6:10 of 2nd period - Snap shot by Tanner Jeannot.
6:10 of 2nd period - Stopped by Kevin Mandolese with a rebound.
6:40 of 2nd period - Backhand shot by Trent Frederic.
6:40 of 2nd period - Goal by Trent Frederic - Barracuda : 3 - Wranglers : 1.
6:41 of 2nd period - Nico Sturm wins face-off versus Emil Pettersson in neutral zone.
6:56 of 2nd period - Barclay Goodrow is hit by Nikolai Kovalenko and loses puck.
7:14 of 2nd period - Phillip Danault is hit by Angus Crookshank and loses puck.
8:00 of 2nd period - Slapshot by Alex Lintuniemi.
8:00 of 2nd period - Stopped by Vitek Vanecek with a rebound.
8:47 of 2nd period - Backhand shot by Trevor Carrick.
8:47 of 2nd period - Shot Blocked by Robin Norell.
8:49 of 2nd period - Snap shot by Tanner Jeannot.
8:49 of 2nd period - Shot Misses the Net.
8:51 of 2nd period - Snap shot by Tanner Jeannot.
8:51 of 2nd period - Stopped by Kevin Mandolese with a rebound.
8:53 of 2nd period - Slapshot by Kaapo Kakko.
8:53 of 2nd period - Shot Blocked by Adam Beckman.
8:55 of 2nd period - Snap shot by Tanner Jeannot.
8:55 of 2nd period - Stopped by Kevin Mandolese with a rebound.
9:11 of 2nd period - Snap shot by Kyle Platzer.
9:11 of 2nd period - Stopped by Vitek Vanecek with a rebound.
9:13 of 2nd period - Wrist shot by Kyle Platzer.
9:13 of 2nd period - Shot Misses the Net.
9:24 of 2nd period - Icing by Nico Sturm.
9:25 of 2nd period - Emil Pettersson wins face-off versus Nico Sturm in Wranglers zone.
9:30 of 2nd period - Wrist shot by Nikolai Kovalenko.
9:30 of 2nd period - Shot Misses the Net.
9:32 of 2nd period - Slapshot by Emil Pettersson.
9:32 of 2nd period - Shot Misses the Net.
9:34 of 2nd period - Slapshot by Bode Wilde.
9:34 of 2nd period - Stopped by Vitek Vanecek with a rebound.
9:36 of 2nd period - Slapshot by Bode Wilde.
9:36 of 2nd period - Shot Misses the Net.
10:02 of 2nd period - Wrist shot by Theodor Blueger.
10:02 of 2nd period - Deflect By Adam Beckman.
10:02 of 2nd period - Goal by Adam Beckman - Barracuda : 4 - Wranglers : 1.
10:03 of 2nd period - Ivan Chekhovich wins face-off versus Emil Pettersson in neutral zone.
10:08 of 2nd period - Wrist shot by Taylor Raddysh.
10:08 of 2nd period - Stopped by Kevin Mandolese with a rebound.
10:30 of 2nd period - Kaapo Kakko is hit by Angus Crookshank and loses puck.
10:41 of 2nd period - Snap shot by Angus Crookshank.
10:41 of 2nd period - Shot Blocked by Dominik Masin.
10:59 of 2nd period - Wrist shot by Barclay Goodrow.
10:59 of 2nd period - Stopped by Kevin Mandolese with a rebound.
11:51 of 2nd period - Trevor Carrick is hit by Robin Norell and loses puck.
12:48 of 2nd period - Wrist shot by Barclay Goodrow.
12:48 of 2nd period - Goal by Barclay Goodrow - Barracuda : 4 - Wranglers : 2.
12:49 of 2nd period - Emil Pettersson wins face-off versus Ivan Chekhovich in neutral zone.
12:51 of 2nd period - Minor Penalty to Nikolai Kovalenko for Cross-checking.
12:52 of 2nd period - Emil Pettersson wins face-off versus Ivan Chekhovich in Barracuda zone.
13:04 of 2nd period - Slapshot by Erik Brannstrom.
13:04 of 2nd period - Shot Blocked by Jordan Gross.
13:06 of 2nd period - Slapshot by Dominik Masin.
13:06 of 2nd period - Stopped by Kevin Mandolese without a rebound.
13:07 of 2nd period - Emil Pettersson wins face-off versus Ivan Chekhovich in Barracuda zone.
14:27 of 2nd period - Nico Sturm is hit by Robin Norell and loses puck.
14:38 of 2nd period - Barclay Goodrow is hit by Robin Norell.
14:51 of 2nd period - Penalty to Nikolai Kovalenko is over, Nikolai Kovalenko is back on ice.
15:04 of 2nd period - Snap shot by Nikolai Kovalenko.
15:04 of 2nd period - Stopped by Vitek Vanecek without a rebound.
15:05 of 2nd period - Vladislav Kamenev wins face-off versus Theodor Blueger in Wranglers zone.
15:05 of 2nd period - Vladislav Kamenev is hit by Bode Wilde.
16:20 of 2nd period - Slapshot by Luke Martin.
16:20 of 2nd period - Deflect By Angus Crookshank.
16:20 of 2nd period - Stopped by Vitek Vanecek with a rebound.
16:22 of 2nd period - Slapshot by Robin Norell.
16:22 of 2nd period - Stopped by Vitek Vanecek with a rebound.
16:24 of 2nd period - Wrist shot by Trent Frederic.
16:24 of 2nd period - Stopped by Vitek Vanecek with a rebound.
16:26 of 2nd period - Snap shot by Angus Crookshank.
16:26 of 2nd period - Shot Blocked by Darren Raddysh.
16:28 of 2nd period - Snap shot by Trent Frederic.
16:28 of 2nd period - Stopped by Vitek Vanecek without a rebound.
16:29 of 2nd period - Emil Pettersson wins face-off versus Vladislav Kamenev in Wranglers zone.
16:30 of 2nd period - Wrist shot by Nikolai Kovalenko.
16:30 of 2nd period - Stopped by Vitek Vanecek with a rebound.
16:50 of 2nd period - Jordan Gross is hit by Tanner Jeannot and loses puck.
17:01 of 2nd period - Snap shot by Jesper Bratt.
17:01 of 2nd period - Stopped by Kevin Mandolese with a rebound.
17:03 of 2nd period - Wrist shot by Jesper Bratt.
17:03 of 2nd period - Stopped by Kevin Mandolese without a rebound.
17:04 of 2nd period - Yegor Sokolov wins face-off versus Nico Sturm in Barracuda zone.
17:11 of 2nd period - Slapshot by Luke Martin.
17:11 of 2nd period - Shot Blocked by Barclay Goodrow.
17:17 of 2nd period - Backhand shot by Theodor Blueger.
17:17 of 2nd period - Shot Hit the Post.
17:19 of 2nd period - Snap shot by Robin Norell.
17:19 of 2nd period - Shot Misses the Net.
17:38 of 2nd period - Backhand shot by Trent Frederic.
17:38 of 2nd period - Stopped by Vitek Vanecek with a rebound.
17:45 of 2nd period - Icing by Tanner Jeannot.
17:46 of 2nd period - Vladislav Kamenev wins face-off versus Emil Pettersson in Wranglers zone.
17:59 of 2nd period - Snap shot by Nikolai Kovalenko.
17:59 of 2nd period - Shot Misses the Net.
18:21 of 2nd period - Slapshot by Taylor Raddysh.
18:21 of 2nd period - Shot Misses the Net.
18:23 of 2nd period - Wrist shot by Taylor Raddysh.
18:23 of 2nd period - Deflect By Alex Lintuniemi.
18:23 of 2nd period - Stopped by Kevin Mandolese with a rebound.
18:30 of 2nd period - Minor Penalty to Erik Brannstrom for Tripping.
18:31 of 2nd period - Emil Pettersson wins face-off versus Barclay Goodrow in Wranglers zone.
19:06 of 2nd period - Nico Sturm is hit by Luke Martin and loses puck.
Goals for this period are 4 for Barracuda vs 1 for Wranglers.
Shots for this period are 19 for Barracuda vs 15 for Wranglers.
3rd period
0:01 of 3rd period - Emil Pettersson wins face-off versus Nico Sturm in neutral zone.
0:04 of 3rd period - Slapshot by Luke Martin.
0:04 of 3rd period - Deflect By Emil Pettersson.
0:04 of 3rd period - Shot Misses the Net.
0:04 of 3rd period - Puck is out of play.
0:05 of 3rd period - Barclay Goodrow wins face-off versus Emil Pettersson in Wranglers zone.
0:11 of 3rd period - Icing by Nikolai Kovalenko.
0:12 of 3rd period - Emil Pettersson wins face-off versus Barclay Goodrow in Barracuda zone.
0:30 of 3rd period - Penalty to Erik Brannstrom is over, Erik Brannstrom is back on ice.
1:00 of 3rd period - Wrist shot by Robin Norell.
1:00 of 3rd period - Shot Misses the Net.
1:02 of 3rd period - Slapshot by Luke Martin.
1:02 of 3rd period - Stopped by Vitek Vanecek with a rebound.
1:04 of 3rd period - Wrist shot by Beck Malenstyn.
1:04 of 3rd period - Goal by Beck Malenstyn - Barracuda : 5 - Wranglers : 2.
1:05 of 3rd period - Trent Frederic wins face-off versus Ivan Chekhovich in neutral zone.
1:10 of 3rd period - Snap shot by Taylor Raddysh.
1:10 of 3rd period - Stopped by Kevin Mandolese with a rebound.
1:48 of 3rd period - Minor Penalty to Tanner Jeannot for Holding.
1:49 of 3rd period - Emil Pettersson wins face-off versus Barclay Goodrow in Wranglers zone.
1:49 of 3rd period - Slapshot by Robin Norell.
1:49 of 3rd period - Stopped by Vitek Vanecek without a rebound.
1:50 of 3rd period - Barclay Goodrow wins face-off versus Emil Pettersson in Wranglers zone.
2:23 of 3rd period - Dominik Masin is hit by Jordan Gross and loses puck.
2:35 of 3rd period - Icing by Nikolai Kovalenko.
2:36 of 3rd period - Emil Pettersson wins face-off versus Jesper Bratt in Barracuda zone.
2:51 of 3rd period - Wrist shot by Jesper Bratt.
2:51 of 3rd period - Stopped by Kevin Mandolese with a rebound.
2:53 of 3rd period - Slapshot by Trevor Carrick.
2:53 of 3rd period - Shot Blocked by Alexei Toropchenko.
2:59 of 3rd period - Minor Penalty to Angus Crookshank for Tripping.
3:00 of 3rd period - Barclay Goodrow wins face-off versus Emil Pettersson in Barracuda zone.
3:07 of 3rd period - Slapshot by Nico Sturm.
3:07 of 3rd period - Stopped by Kevin Mandolese with a rebound.
3:11 of 3rd period - Wrist shot by Nico Sturm.
3:11 of 3rd period - Shot Misses the Net.
3:13 of 3rd period - Slapshot by Dominik Masin.
3:13 of 3rd period - Stopped by Kevin Mandolese with a rebound.
3:39 of 3rd period - Erik Brannstrom is hit by Alex Lintuniemi and loses puck.
3:48 of 3rd period - Penalty to Tanner Jeannot is over, Tanner Jeannot is back on ice.
3:58 of 3rd period - Snap shot by Tanner Jeannot.
3:58 of 3rd period - Goal by Tanner Jeannot - Barracuda : 5 - Wranglers : 3.
3:59 of 3rd period - Ivan Chekhovich wins face-off versus Alexei Toropchenko in neutral zone.
6:00 of 3rd period - Snap shot by Angus Crookshank.
6:00 of 3rd period - Deflect By Trent Frederic.
6:00 of 3rd period - Shot Misses the Net.
6:00 of 3rd period - Puck is out of play.
6:01 of 3rd period - Nikolai Kovalenko wins face-off versus Ivan Chekhovich in Wranglers zone.
6:24 of 3rd period - Nico Sturm is hit by Theodor Blueger and loses puck.
6:31 of 3rd period - Slapshot by Adam Beckman.
6:31 of 3rd period - Stopped by Vitek Vanecek with a rebound.
6:33 of 3rd period - Slapshot by Jordan Gross.
6:33 of 3rd period - Shot Blocked by Christian Jaros.
6:35 of 3rd period - Slapshot by Robin Norell.
6:35 of 3rd period - Shot Misses the Net.
6:47 of 3rd period - Alex Lintuniemi is hit by Christian Jaros.
6:53 of 3rd period - Kaapo Kakko is hit by Adam Raska and loses puck.
7:13 of 3rd period - Slapshot by Petteri Lindbohm.
7:13 of 3rd period - Shot Misses the Net.
7:15 of 3rd period - Wrist shot by Phillip Danault.
7:15 of 3rd period - Shot Blocked by Alex Jefferies.
8:12 of 3rd period - Off-side.
8:13 of 3rd period - Emil Pettersson wins face-off versus Ivan Chekhovich in neutral zone.
8:24 of 3rd period - Dennis Cholowski is hit by Dominik Masin and loses puck.
8:42 of 3rd period - Wrist shot by Alexei Toropchenko.
8:42 of 3rd period - Stopped by Vitek Vanecek with a rebound.
9:07 of 3rd period - Minor Penalty to Trevor Carrick for Tripping.
9:08 of 3rd period - Barclay Goodrow wins face-off versus Emil Pettersson in Wranglers zone.
9:18 of 3rd period - Snap shot by Emil Pettersson.
9:18 of 3rd period - Shot Blocked by Barclay Goodrow.
9:20 of 3rd period - Slapshot by Beck Malenstyn.
9:20 of 3rd period - Stopped by Vitek Vanecek with a rebound.
9:22 of 3rd period - Slapshot by Luke Martin.
9:22 of 3rd period - Goal by Luke Martin - Barracuda : 6 - Wranglers : 3.
9:23 of 3rd period - Nico Sturm wins face-off versus Emil Pettersson in neutral zone.
9:30 of 3rd period - Emil Pettersson is hit by Nico Sturm and loses puck.
9:49 of 3rd period - Erik Brannstrom is hit by Alexei Toropchenko.
10:32 of 3rd period - Snap shot by Barclay Goodrow.
10:32 of 3rd period - Deflect By Kaapo Kakko.
10:32 of 3rd period - Stopped by Kevin Mandolese with a rebound.
10:38 of 3rd period - Slapshot by Jordan Gross.
10:38 of 3rd period - Goal by Jordan Gross - Barracuda : 7 - Wranglers : 3.
10:39 of 3rd period - Nico Sturm wins face-off versus Emil Pettersson in neutral zone.
11:06 of 3rd period - Robin Norell is hit by Phillip Danault and loses puck.
11:12 of 3rd period - Minor Penalty to Jordan Gross for Interference.
11:13 of 3rd period - Emil Pettersson wins face-off versus Nico Sturm in Barracuda zone.
11:28 of 3rd period - Slapshot by Luke Martin.
11:28 of 3rd period - Shot Blocked by Erik Brannstrom.
11:53 of 3rd period - Dennis Cholowski is hit by Dominik Masin.
12:13 of 3rd period - Trevor Carrick is hit by Alex Lintuniemi and loses puck.
13:12 of 3rd period - Penalty to Jordan Gross is over, Jordan Gross is back on ice.
13:45 of 3rd period - Wrist shot by Alex Lintuniemi.
13:45 of 3rd period - Deflect By Petteri Lindbohm.
13:45 of 3rd period - Stopped by Vitek Vanecek with a rebound.
13:59 of 3rd period - Vladislav Kamenev is hit by Luke Martin and loses puck.
14:06 of 3rd period - Slapshot by Alexei Toropchenko.
14:06 of 3rd period - Deflect By Angus Crookshank.
14:06 of 3rd period - Shot Blocked by Tanner Jeannot.
14:06 of 3rd period - Puck is out of play.
14:07 of 3rd period - Nico Sturm wins face-off versus Alexei Toropchenko in Wranglers zone.
14:14 of 3rd period - Snap shot by Trent Frederic.
14:14 of 3rd period - Deflect By Alexei Toropchenko.
14:14 of 3rd period - Shot Misses the Net.
14:14 of 3rd period - Puck is out of play.
14:15 of 3rd period - Nico Sturm wins face-off versus Trent Frederic in Wranglers zone.
14:19 of 3rd period - Off-side.
14:20 of 3rd period - Barclay Goodrow wins face-off versus Emil Pettersson in neutral zone.
14:31 of 3rd period - Beck Malenstyn is hit by Nico Sturm and loses puck.
15:22 of 3rd period - Backhand shot by Alex Lintuniemi.
15:22 of 3rd period - Deflect By Kyle Platzer.
15:22 of 3rd period - Stopped by Vitek Vanecek with a rebound.
16:12 of 3rd period - Jordan Gross is hit by Vitali Kravtsov.
16:50 of 3rd period - Luke Martin is hit by Nico Sturm and loses puck.
16:55 of 3rd period - Slapshot by Barclay Goodrow.
16:55 of 3rd period - Shot Misses the Net.
16:57 of 3rd period - Slapshot by Zac Jones.
16:57 of 3rd period - Shot Hit the Post.
17:44 of 3rd period - Angus Crookshank is hit by Nico Sturm and loses puck.
18:41 of 3rd period - Snap shot by Angus Crookshank.
18:41 of 3rd period - Deflect By Trent Frederic.
18:41 of 3rd period - Shot Blocked by Ivan Chekhovich.
18:41 of 3rd period - Puck is out of play.
18:42 of 3rd period - Ivan Chekhovich wins face-off versus Emil Pettersson in Wranglers zone.
18:42 of 3rd period - Ivan Chekhovich is hit by Luke Martin.
18:43 of 3rd period - Ivan Chekhovich from Wranglers is injured at 18:43 of 3rd period (Back).
18:44 of 3rd period - Nico Sturm wins face-off versus Emil Pettersson in Wranglers zone.
18:44 of 3rd period - Nico Sturm is hit by Beck Malenstyn.
Goals for this period are 3 for Barracuda vs 1 for Wranglers.
Shots for this period are 10 for Barracuda vs 6 for Wranglers.